 Dungeon Crawl Stone Soup version 0.24-a0-459-g225fefd530 (webtiles) character file.

Game seed: 14923041114282847575

2601 Azzok the Cleaver (level 9, 0/69 HPs)
             Began as a Centaur Fighter on June 28, 2019.
             Was a Follower of Okawaru.
             Slain by a killer bee (8 damage)
             ... on level 7 of the Dungeon.
             The game lasted 00:08:25 (7486 turns).

Azzok the Cleaver (Centaur Fighter)                 Turns: 7486, Time: 00:08:26

Health: 0/69       AC: 10    Str: 28    XL:     9   Next: 33%
Magic:  12/12      EV:  5    Int: 11    God:    Okawaru [*.....]
Gold:   482        SH:  9    Dex:  8    Spells: 8/8 levels left

rFire    + . .     SeeInvis .   a - +0 war axe
rCold    . . .     Gourm    .   c - +0 shield
rNeg     . . .     Faith    .   x - +1 scale mail "Otuhieh" {Int+4}
rPois    .         Spirit   .   g - +0 helmet
rElec    .         Reflect  .   (no cloak)
rCorr    .         Harm     .   o - +1 pair of gloves
MR       .....                  (no barding)
Stlth    ..........             (no amulet)
HPRegen  0.21/turn              r - ring of protection from fire
MPRegen  0.13/turn              (no ring)

@: mighty, very quick
A: large, hooves 3, deformed body, speed 2, tough skin 3
a: Heroism, Renounce Religion


You were on level 7 of the Dungeon.
You worshipped Okawaru.
Okawaru was aware of your devotion.
You were not hungry.

You visited 2 branches of the dungeon, and saw 9 of its levels.

You collected 482 gold pieces.

Inventory:

Hand Weapons
 a - a +0 war axe (weapon)
Armour
 c - a +0 shield (worn)
 g - a +0 helmet (worn)
 o - a +1 pair of gloves (worn)
 x - the +1 scale mail "Otuhieh" (worn) {Int+4}
   (You found it on level 7 of the Dungeon)

   It affects your intelligence (+4).
Jewellery
 r - a ring of protection from fire (left hand)
Wands
 v - a wand of scattershot (5)
Scrolls
 h - 2 scrolls of enchant armour {unknown}
 i - a scroll of teleportation {unknown}
 j - 4 scrolls of enchant weapon {unknown}
 k - 2 scrolls of magic mapping {unknown}
 l - 4 scrolls of remove curse {unknown}
 m - a scroll of fog {unknown}
 q - a scroll of amnesia {unknown}
 t - a scroll of fear {unknown}
Potions
 n - 2 potions of curing
 p - a potion of haste
 u - a potion of mutation {!q}
 w - 2 potions of agility
 A - a potion of lignification
Comestibles
 f - 14 rations


   Skills:
 - Level 3.0 Fighting
 + Level 10.3 Axes
 - Level 2.1 Armour
 - Level 2.1 Shields
 + Level 3.6 Invocations
 + Level 4.4 Evocations


You had 8 spell levels left.
You didn't know any spells.
Your spell library contained the following spells:

 Spells                   Type           Power        Failure   Level  Hunger
 Magic Dart               Conj           #...         98%         1    ##.....
 Searing Ray              Conj           #.....       99%         2    ###....
 Dazzling Spray           Conj/Hex       #.....       100%        3    ####...
 Force Lance              Conj/Tloc      #.......     100%        4    #####..
 Fulminant Prism          Conj/Hex       #.........   100%        4    #####..
 Iskenderun's Mystic Bla  Conj           #.......     100%        4    #####..


Dungeon Overview and Level Annotations

Branches:
Dungeon (8/15)             Temple (1/1) D:6
   Lair: D:8-11

Altars:
Ashenzari
Cheibriados
Dithmenos
Elyvilon
Fedhas
Gozag
Hepliaklqana
Kikubaaqudgha
Makhleb
Nemelex Xobeh
Okawaru
Qazlal
Ru
Sif Muna
Trog
Uskayaw
Vehumet
Wu Jian
Xom
Zin
The Shining One


Innate Abilities, Weirdness & Mutations

You have hooves in place of feet.
Armour fits poorly on your strangely shaped body.
You cover ground very quickly.
You have extremely tough skin. (AC +3)


Message History

* * * LOW HITPOINT WARNING * * *
You feel very sick. You block the killer bee's attack.
The killer bee barely misses you. You block the killer bee's attack.
The killer bee barely misses you. You block the killer bee's attack.
The killer bee stings you but does no damage.
The killer bee stings you!
* * * LOW HITPOINT WARNING * * *
The killer bee stings you but does no damage.
You feel better. You block the killer bee's attack. The killer bee stings you.
* * * LOW HITPOINT WARNING * * *
The killer bee stings you.
* * * LOW HITPOINT WARNING * * *
The killer bee stings you.
* * * LOW HITPOINT WARNING * * *
The killer bee stings you but does no damage.
The killer bee stings you.
* * * LOW HITPOINT WARNING * * *
The killer bee stings you!
You die...

▒···▒ ▒▒▒ ▒▒··▒
▒▒▒▒·▒ ▒··▒
▒····▒ ▒··▒
▒····▒ ▒··▒
▒····▒▒ ▒··▒
▒·····▒▒▒▒··▒
▒······▒▒···▒
▒······†@y··▒
▒······yyy·▒▒
▒†·······▒▒▒
▒▒····▒▒▒▒▒
▒▒▒▒▒▒ ▒····▒▒
▒<···▒▒▒····▒▒
············(▒▒
·▒▒············▒
▒▒▒▒···▒▒▒·······


You could see 4 killer bees.

Vanquished Creatures
  A centaur skeleton (D:7)
  Eustachio (D:5)
  Sigmund (D:3)
  2 ice beasts
  2 sky beasts (D:7)
  A phantom (D:5)
  4 ogres
  3 bullfrogs
  2 killer bees (D:7)
  3 crimson imps (D:6)
  A hound (D:4)
  A bullfrog skeleton (D:4)
  2 orc priests
  3 iguanas
  4 jellies
  3 orc wizards
  7 worker ants
  A killer bee zombie (D:7)
  A worker ant zombie (D:5)
  6 gnolls
  4 adders
  A howler monkey zombie (D:5)
  A shadow imp (D:7)
  4 oozes
  2 adder skeletons
  3 worms
  2 dart slugs
  7 leopard geckos
  18 orcs
  4 bats
  2 giant cockroaches
  6 goblins
  10 hobgoblins
  9 jackals
  8 kobolds
  7 quokkas
  A ball python (D:4)
  8 frilled lizards
  A quokka skeleton (D:4)
  5 rats
152 creatures vanquished.

Vanquished Creatures (others)
  An orc wizard (D:5)
1 creature vanquished.

Grand Total: 153 creatures vanquished

Notes
Turn   | Place    | Note
-------+----------+-------------------------------------------
     0 | D:1      | Azzok the Centaur Fighter began the quest for the Orb.
     0 | D:1      | Reached XP level 1. HP: 19/19 MP: 1/1
    47 | D:1      | Reached skill level 2 in Axes
   262 | D:1      | Reached XP level 2. HP: 26/26 MP: 2/2
   300 | D:1      | Reached skill level 3 in Axes
   458 | D:1      | Reached XP level 3. HP: 19/31 MP: 3/3
  1086 | D:2      | Reached skill level 4 in Axes
  1086 | D:2      | Reached XP level 4. HP: 38/38 MP: 4/4
  1980 | D:3      | Noticed an ogre
  1987 | D:3      | Killed an ogre
  1987 | D:3      | Reached skill level 5 in Axes
  1987 | D:3      | Reached XP level 5. HP: 28/45 MP: 5/5
  2404 | D:3      | Found a shimmering altar of Xom.
  2406 | D:3      | Found a deep blue altar of Sif Muna.
  2423 | D:3      | Noticed Sigmund
  2431 | D:3      | Killed Sigmund
  2431 | D:3      | Reached skill level 6 in Axes
  2431 | D:3      | Reached XP level 6. HP: 36/51 MP: 6/6
  2940 | D:4      | Reached skill level 7 in Axes
  3066 | D:4      | Noticed an ice beast
  3078 | D:4      | Killed an ice beast
  3078 | D:4      | Reached XP level 7. HP: 57/57 MP: 7/7
  3418 | D:4      | Reached skill level 8 in Axes
  4015 | D:5      | Entered Level 5 of the Dungeon
  4306 | D:4      | Reached XP level 8. HP: 38/63 MP: 8/8
  4474 | D:5      | Reached skill level 9 in Axes
  4634 | D:5      | You fall into a shaft and drop 3 floors!
  5039 | D:7      | Reached skill level 1 in Evocations
  5258 | D:7      | Got a scorched scale mail
  5831 | D:6      | Found a staircase to the Ecumenical Temple.
  5840 | Temple   | Entered the Ecumenical Temple
  5897 | Temple   | Became a worshipper of Warmaster Okawaru
  5976 | D:6      | Found a hide-covered altar of Uskayaw.
  5979 | D:6      | Found a bloodstained altar of Trog.
  6020 | D:6      | Found a sacrificial altar of Ru.
  6062 | D:6      | Reached skill level 1 in Invocations
  6164 | D:6      | Identified the +1 scale mail "Otuhieh" {Int+4} (You found
                  | it on level 7 of the Dungeon)
  6440 | D:6      | Reached skill level 10 in Axes
  6909 | D:5      | Found an ornate altar of the Wu Jian Council.
  6993 | D:5      | Found a shadowy altar of Dithmenos.
  7027 | D:5      | Reached XP level 9. HP: 44/69 MP: 11/11
  7157 | D:5      | Noticed Eustachio
  7170 | D:5      | Killed Eustachio
  7370 | D:7      | Reached * piety under Okawaru
  7486 | D:7      | Slain by a killer bee

Levels and vault maps discovered:
D:1:      elethiomel_arrival_shortcut, layout_rooms, grunt_decor_mini_mirrors,
          minmay_tree_intersection
D:2:      wad_woods_tower, layout_basic, first_ration
D:3:      layout_rooms, nicolae_overflow_hidden_temple, uniq_sigmund
D:4:      layout_loops_ring, hangedman_decor_peaks_small,
          eino_small_chamber_without_monster, chequers_serial_rivers_micro_e
D:5:      layout_gridville, lemuel_doored_altar, grunt_dithmenos_shadows,
          uniq_eustachio
D:6:      layout_basic, nicolae_ru_path_of_blood, grunt_temple_overflow_open,
          minmay_temple_entry_large_hall
D:7:      layout_layer_cave, uniq_joseph
D:8:      gammafunk_corrupted_shrine, layout_rooms
Temple:   kb_temple_of_zot

Skill      XL: |  1  2  3  4  5  6  7  8  9 |
---------------+----------------------------+-----
Axes           | 2 3 4 5 6 7 8 10 | 10.3
Evocations     | 3 4 |  4.4
Invocations    | 2 3 |  3.6
Fighting       | |  3.0
Armour         | |  2.1
Shields        | |  2.1

Action                   |  1- 3 |  4- 6 |  7- 9 || total
-------------------------+-------+-------+-------++-------
Melee: War axe           |    94 |   146 |   298 ||   538
       Kick              |    19 |    25 |    71 ||   115
  Use: Scroll            |       |       |     7 ||     7
       Potion            |       |       |     2 ||     2
  Eat: Chunk             |       |     6 |     9 ||    15
       Ration            |       |       |     1 ||     1
Armor: Scale mail        |    49 |    71 |   144 ||   264
Dodge: Dodged            |    27 |    44 |    65 ||   136
Block: Shield            |    47 |    80 |   110 ||   237

Table legend:
 A = Non-vault XP
 B = Vault XP
 C = Vault XP percentage of total XP
 D = Non-vault monster count
 E = Vault monster count
 F = Vault count percentage of total count
                 A         B        C        D         E       F
            +---------+---------+-------+---------+---------+-------
      Total |    3142 |     574 |  15.4 |     144 |       9 |   5.9
            +---------+---------+-------+---------+---------+-------
        D:1 |      48 |       0 |   0.0 |      24 |       0 |   0.0
        D:2 |      58 |      36 |  38.3 |      20 |       6 |  23.1
        D:3 |     213 |     205 |  49.0 |      27 |       1 |   3.6
        D:4 |     690 |       0 |   0.0 |      27 |       0 |   0.0
        D:5 |     335 |     333 |  49.9 |      16 |       2 |  11.1
        D:6 |     618 |       0 |   0.0 |      13 |       0 |   0.0
        D:7 |    1180 |       0 |   0.0 |      17 |       0 |   0.0
            +---------+---------+-------+---------+---------+-------
